 Dungeon Crawl Stone Soup version 0.27.1-34-g3ba077fa99 (webtiles) character file.

Game seed: 6193568635429504904

312 DerDa the Chiller (level 6, -8/28 HPs)
             Began as a Vine Stalker Ice Elementalist on Jan 22, 2022.
             Mangled by Duvessa (10 damage)
             ... on level 4 of the Dungeon.
             The game lasted 00:08:52 (3816 turns).

DerDa the Chiller (Vine Stalker Ice Elementalist)   Turns: 3816, Time: 00:08:52

Health: -8/28      AC:  2    Str: 10    XL:     6   Next: 42%
Magic:  0/14       EV: 13    Int: 17    God:
Gold:   131        SH:  0    Dex: 15    Spells: 3/14 levels left

rFire    . . .     SeeInvis .   o - +0 scimitar
rCold    . . .     Faith    .   (no shield)
rNeg     . . .     Spirit   +   a - +0 robe
rPois    .         Reflect  .   (no helmet)
rElec    .         Harm     .   (no cloak)
rCorr    .         Rampage  .   (no gloves)
Will     .....                  (no boots)
Stlth    ++........             (no amulet)
HPRegen  1.09/turn              (no ring)
MPRegen  0.14/turn              (no ring)

@: lethally poisoned (-8 -> -20)
A: fangs 2, regeneration 1, magic shield, antimagic bite, no potion heal 2
a: no special abilities


You were on level 4 of the Dungeon.
You visited 1 branch of the dungeon, and saw 4 of its levels.

You collected 131 gold pieces.

Inventory:

Hand Weapons
 o - a +0 scimitar (weapon)
Missiles
 q - 2 poisoned darts
Armour
 a - a +0 robe (worn)
Wands
 p - a wand of digging (3)
Scrolls
 b - 2 scrolls of identify {unknown}
 d - a scroll of acquirement {unknown}
 e - 2 scrolls of magic mapping {unknown}
 f - a scroll of silence {unknown}
 g - 2 scrolls of teleportation {unknown}
 h - a scroll of blinking {unknown}
 m - a scroll of summoning {unknown}
Potions
 c - 2 potions of attraction {unknown}
 i - a potion of flight {unknown}
 j - a potion of lignification {unknown}
 k - a potion of berserk rage {unknown}
 l - a potion of heal wounds {unknown}
 n - a potion of might {unknown}


   Skills:
 + Level 2.9 Dodging
 - Level 2.4 Stealth
 * Level 4.7 Spellcasting
 + Level 1.4 Conjurations
 + Level 5.0 Ice Magic


You had 3 spell levels left.
You knew the following spells:

 Your Spells              Type           Power      Damage    Failure   Level
a - Freeze                Ice            84%        1d10      1%          1
b - Frozen Ramparts       Ice            42%        1d6       5%          3
c - Ozocubu's Armour      Ice            21%        N/A       5%          3
d - Hailstorm             Conj/Ice       15%        3d5       36%         4

Your spell library contained the following spells:

 Spells                   Type           Power      Damage    Failure   Level
 Mephitic Cloud           Conj/Pois/Air  5%         N/A       34%         3
 Ignite Poison            Fire/Tmut/Pois 4%         N/A       41%         3
 Bolt of Magma            Conj/Fire/Erth 2%         4d4       97%         5


Dungeon Overview and Level Annotations

Branches:
Dungeon (4/15)
 Temple: D:4-7

Altars:

Annotations:
D:4 Dowan, Duvessa


Innate Abilities, Weirdness & Mutations

You have extremely sharp teeth.
Your natural rate of healing is unusually fast.
When hurt, damage is shared between your health and your magic reserves.
Your bite disrupts and absorbs the magic of your enemies.
Potions cannot restore your health.


Message History

Casting: Frozen Ramparts (quite dangerous; 5% risk of failure)
Confirm with . or Enter, or press ? or * to list all spells.
Aiming: Freeze (safe; 1% risk of failure)
Press: ? - help, Shift-Dir - straight line, f - Duvessa
Aim: Duvessa, wielding a +2 short sword of holy wrath and wearing a +2 chain mail of fire resistance (heavily wounded)
You freeze Duvessa.
Duvessa is heavily wounded.
The wall freezes Duvessa.
Duvessa closely misses you.
You riposte.
You hit Duvessa but do no damage.
Duvessa is severely wounded.
The wall freezes Dowan.
Dowan points at you and mumbles some strange words.
The puff of flame hits you!
Casting: Freeze (safe; 1% risk of failure)
Confirm with . or Enter, or press ? or * to list all spells.
Aiming: Freeze (safe; 1% risk of failure)
Press: ? - help, Shift-Dir - straight line, f/p - Duvessa
Aim: Duvessa, wielding a +2 short sword of holy wrath and wearing a +2 chain mail of fire resistance (severely wounded)
You freeze Duvessa.
Duvessa is severely wounded.
The wall freezes Duvessa.
Duvessa hits you with a +2 short sword of holy wrath.
The wall freezes Dowan.
Dowan misses you.
You closely miss Duvessa. You bite Duvessa. You drain her power.
You feel invigorated.
Duvessa is severely wounded.
The frozen ramparts melt away.
Duvessa misses you.
Dowan hits you with a +2 dagger of venom.
You are poisoned.
Unknown command.
You hit Duvessa.
Duvessa is almost dead.
You feel very sick.
Duvessa hits you with a +2 short sword of holy wrath!
* * * LOW HITPOINT WARNING * * *
Dowan hits you with a +2 dagger of venom.
* * * LOW HITPOINT WARNING * * *
You are more poisoned.
Duvessa hits you with a +2 short sword of holy wrath!
You die...

#.. .###.. ......#
#..... . #.... ##..
...####.... #.).......
... #. #ee.# + ...##.
#@.### .+ ..............
#....# ..+
.............# #...##..#
.............####.....##
.........##...#.......#
#............#...#..##
#..............###....#
.##......##......# ...#
................## ....


You could see Duvessa and Dowan.

Vanquished Creatures
  4 orc priests
  A hound (D:3)
  2 orc wizards (D:4)
  3 adders
  5 worms
  7 orcs
  3 endoplasms
  4 giant cockroaches
  A goblin (D:1)
  13 hobgoblins
  3 quokkas
  6 ball pythons
  3 bats
  2 frilled lizards
  7 kobolds
  9 rats
73 creatures vanquished.

Vanquished Creatures (others)
  5 plants (D:2)
5 creatures vanquished.

Grand Total: 78 creatures vanquished

Notes
Turn   | Place    | Note
-------+----------+-------------------------------------------
     0 | D:1      | DerDa the Vine Stalker Ice Elementalist began the quest for
                  | the Orb.
     0 | D:1      | Reached XP level 1. HP: 9/9 MP: 4/4
   139 | D:1      | Found a faded altar of an unknown god.
   316 | D:1      | Reached XP level 2. HP: 10/13 MP: 2/6
  1617 | D:2      | Reached XP level 3. HP: 16/16 MP: 5/8
  2581 | D:2      | Learned a level 3 spell: Frozen Ramparts
  2585 | D:2      | Learned a level 3 spell: Ozocubu's Armour
  2599 | D:3      | Gained mutation: Your natural rate of healing is unusually
                  | fast. [Vine Stalker growth]
  2599 | D:3      | Reached XP level 4. HP: 19/21 MP: 5/10
  3124 | D:3      | Reached XP level 5. HP: 18/24 MP: 5/11
  3235 | D:3      | Learned a level 4 spell: Hailstorm
  3693 | D:4      | Reached skill level 1 in Conjurations
  3693 | D:4      | Reached XP level 6. HP: 20/28 MP: 5/13
  3803 | D:4      | Reached skill level 5 in Ice Magic
  3803 | D:4      | Noticed Duvessa
  3803 | D:4      | Noticed Dowan
  3816 | D:4      | Mangled by Duvessa

Illustrated notes

Levels and vault maps discovered:
D:1:      dpeg_arrival_tiny_a, layout_basic, chequers_ecumenical_altar_simple
D:2:      layout_basic, serial_forest, infiniplex_forest_lined_corner,
          infiniplex_forest_join, infiniplex_forest_clump_C,
          infiniplex_forest_diagonal, infiniplex_forest_clump_medium,
          infiniplex_forest_lined_3
D:3:      layout_loops_ring
D:4:      layout_cave_pools, mainiacjoe_overflow_big_doors, uniq_duvessa

Skill      XL: |  1  2  3  4  5  6 |
---------------+-------------------+-----
Spellcasting   | 3 4 |  4.7
Dodging        | 2 |  2.9
Conjurations   | 1 |  1.4
Ice Magic      | 5 |  5.0
Stealth        | |  2.4

Action                   |  1- 3 |  4- 6 || total
-------------------------+-------+-------++-------
Melee: Unarmed           |     2 |       ||     2
       Short sword       |     1 |     6 ||     7
       Bite              |       |    11 ||    11
       Scimitar          |       |    15 ||    15
 Cast: Freeze            |    69 |    57 ||   126
       Frozen Ramparts   |       |     2 ||     2
 Stab: Sleeping          |       |     1 ||     1
Armor: Robe              |     5 |     9 ||    14
Dodge: Dodged            |    29 |    36 ||    65
       Rpst.: Scimitar   |       |     6 ||     6
